 Dungeon Crawl Stone Soup version 0.32-a0-986-ga09f62fbf4 (webtiles) character file.

Game seed: 7845630476625867417

176641 shadizar the Scorcher (level 18, -1/135 HPs)
             Began as a Djinni Conjurer on Apr 21, 2024.
             Was the Champion of Makhleb.
             Slain by a demonic crawler (5 damage)
             ... on level 4 of the Spider Nest.
             The game lasted 00:52:39 (23625 turns).

shadizar the Scorcher (Djinni Conjurer)            Turns: 23625, Time: 00:52:40

Health: -1/135     AC:  4    Str:  8    XL:     18   Next: 80%
Gold:   1354       EV: 11    Int: 32    God:    Makhleb [******] SH:  0 Dex: 16

rFire   + + .        W - staff of cold
rCold   + . .        H - +1 kite shield {rC+}
rNeg    + . .        E - +1 robe of Vines {NoPotionHeal Regen++++}
rPois   ∞            x - +2 helmet {SInv}
rElec   .            w - +3 cloak "Roriesan" {rCorr Str+2 Dex-4}
rCorr   +            j - +1 pair of gloves {infuse}
SInv    +            (boots unavailable)
Will    +....        d - macabre finger necklace {Finger+ rN+}
Stlth   +++          s - +6 ring of dexterity
HPRegen 3.62/turn    q - +6 ring of intelligence
                     c - +5 ring of evasion

%: infuse magic (-2 HP)
@: corroded, flying, held, slowed, studying 2 skills, very slow
A: sickness immunity, fire resistance 2, cold vulnerability 1, float, innate
caster, HP casting, extra vitality 1
a: Renounce Religion, Minor Destruction, Lesser Servant of Makhleb, Major
Destruction, Greater Servant of Makhleb


You were on level 4 of the Spider Nest.
You worshipped Makhleb.
Makhleb was exalted by your worship.
You visited 5 branches of the dungeon, and saw 26 of its levels.
You also visited: Bailey, Gauntlet, Ice Cave and Volcano.

You collected 2842 gold pieces.
You spent 1488 gold pieces at shops.

Inventory:

Armour
 b - the +2 hood of the Assassin {Detect Stab+ Stlth++}
   (You found it on level 13 of the Dungeon)

   Detect:    It allows the wearer to sense nearby creatures.
   Stab+:     It allows the wearer to make particularly effective stabbing
   attacks against helpless or unaware enemies with any weapon.
   Stlth++:   It makes you much more stealthy.
 j - a +1 pair of gloves of infusion (worn)
 m - a +2 leather armour of fire resistance
 w - the +3 cloak "Roriesan" (worn) {rCorr Str+2 Dex-4}
   (You bought it in a shop on level 13 of the Dungeon)

   Str+2:     It affects your strength (+2).
   Dex-4:     It affects your dexterity (-4).
   rCorr:     It protects you from acid and corrosion.
 x - a +2 helmet of see invisible (worn)
 E - the +1 robe of Vines (worn) {NoPotionHeal Regen++++}
   (You found it on level 1 of the Lair of Beasts)

   NoPotionHeal: Its wearer cannot be healed by potions.
   Regen++++: It increases your rate of health regeneration.
 G - +0 ice dragon scales
 H - a +1 kite shield of cold resistance (worn)
 I - +0 steam dragon scales
 J - +0 fire dragon scales
 L - the scarf of Midnight {rC+ rF+, +Blink Stlth+}
   (You found it in a Gauntlet)

   +Blink:    It lets you blink.
   Stlth+:    It makes you more stealthy.
 P - the +3 robe of Clouds {*Thunder rCloud rElec}
   (You found it in a Gauntlet)

   *Thunder:  It occasionally creates storm clouds above nearby enemies.
   rCloud:    It grants its wearer immunity to clouds.
   rElec:     It insulates you from electricity.
 T - the +2 leather armour "Meusch" {rF- Will++ Dex+4}
   (You found it on level 10 of the Dungeon)

   Dex+4:     It affects your dexterity (+4).
   rF-:       It makes you vulnerable to fire.
   Will++:    It greatly increases your willpower.
 Y - a +2 kite shield of reflection
Magical Staves
 W - a staff of cold (weapon)
Jewellery
 c - a +5 ring of evasion (on amulet)
 d - the macabre finger necklace (around neck) {Finger+ rN+}
   (You bought it in a shop on level 2 of the Orcish Mines)

   [amulet of nothing]

   Finger+:   It enables you to equip an extra ring.
   rN+:       It protects you from negative energy.
 e - the amulet of the Commoners {Spirit ^Fragile rCorr Int+5 Stlth-}
   (You found it in a Gauntlet)

   [amulet of guardian spirit]

   Spirit:    It causes incoming damage to be divided between your reserves of
   health and magic.
   Int+5:     It affects your intelligence (+5).
   rCorr:     It protects you from acid and corrosion.
   ^Fragile:  It will be destroyed if unequipped.
   Stlth-:    It makes you less stealthy.
 q - a +6 ring of intelligence (right hand)
 s - a +6 ring of dexterity (left hand)
 u - a ring of resist corrosion
 z - an amulet of the acrobat
 D - a ring of willpower
 N - a ring of see invisible
 X - a ring of positive energy
Wands
 i - a wand of charming (20)
 r - a wand of flame (42)
 t - a wand of polymorph (23)
 A - a wand of iceblast (11)
 B - a wand of mindburst (9)
 Q - a wand of light (17)
Scrolls
 a - 13 scrolls of teleportation
 g - 2 scrolls of enchant armour
 o - 3 scrolls of immolation
 p - 5 scrolls of identify
 y - a scroll of fear
 O - a scroll of fog
 R - a scroll of poison
 S - a scroll of silence
 Z - a scroll of torment
Potions
 f - 2 potions of invisibility
 h - 9 potions of curing
 k - 4 potions of ambrosia
 l - 7 potions of cancellation
 n - 3 potions of haste
 v - 5 potions of heal wounds
 C - 2 potions of berserk rage
 F - 4 potions of enlightenment
 K - a potion of brilliance
 M - 2 potions of resistance {unknown}
 U - a potion of might
 V - a potion of attraction


   Skills:
 + Level 14.0 Fighting
 - Level 10.2 Armour
 + Level 15.4 Dodging
 - Level 6.1 Stealth
 + Level 12.9 Shields
 * Level 20.1 Spellcasting
 * Level 15.8 Conjurations
 * Level 15.8 Hexes
 * Level 15.8 Summonings
 * Level 15.8 Necromancy
 * Level 15.8 Translocations
 * Level 20.2 Fire Magic
 * Level 15.8 Ice Magic
 * Level 15.8 Air Magic
 * Level 15.8 Earth Magic
 * Level 15.8 Alchemy


You knew the following spells:

 Your Spells              Type           Power      Damage    Failure   Level
a - Magic Dart            Conj           100%       1d8       0%          1
b - Searing Ray           Conj           100%       2d8       0%          2
c - Fulminant Prism       Conj/Alch      46%        3d20      1%          4
d - Iskenderun's Mystic   Conj/Tloc      93%        2d18      (+2d11%     4
e - Necrotise             Necr           100%       1d9       0%          1
f - Lesser Beckoning      Tloc           100%       N/A       0%          2
g - Mephitic Cloud        Conj/Alch/Air  93%        N/A       0%          3
h - Stone Arrow           Conj/Erth      100%       3d13      0%          3
i - Fireball              Conj/Fire      49%        3d19      1%          5
j - Silence               Hex/Air        46%        N/A       1%          5
k - Death Channel         Necr           46%        N/A       1%          6
l - Manifold Assault      Tloc           46%        N/A       3%          7
Your spell library was empty.

Dungeon Overview and Level Annotations

Branches:
Dungeon (14/15)            Temple (1/1) D:6            Lair (5/5) D:8
  Swamp (0/4) Lair:2       Spider (4/4) Lair:2        Slime (0/5) Lair:5
    Orc (2/2) D:11            Elf (0/3) Orc:2        Vaults (0/5) D:14
 Bailey (visited)           IceCv (visited)         Volcano (visited)
Gauntlet (visited)

Altars:
Ashenzari
Cheibriados
Dithmenos
Elyvilon
Fedhas
Gozag
Hepliaklqana
Makhleb
Nemelex Xobeh
Okawaru
Qazlal
Ru
Trog
Uskayaw
Wu Jian
Xom
Yredelemnul
Zin
The Shining One
Beogh
Lugonu

Shops:
D:5 (   D:11 *   D:13 *   Orc:2 [!=[*

Portals:
Abyss: Lair:5

Annotations:
D:11 1 runed translucent door, Ogru Agg's ghost, journeyman MiHu


Innate Abilities, Weirdness & Mutations

You are immune to sickness and miasma.
You are immune to poison.
Your flesh is very heat resistant. (rF++)
You are vulnerable to cold. (rC-)
You float through the air rather than walking.
You learn spells naturally, not from books.
Your magical power is your life essence.
You have superior vitality. (+4 MHP)


Message History

A culicivora comes into view.
A redback comes into view.
A tarantella comes into view.
The demonic crawler barely misses you. The demonic crawler closely misses you.
The demonic crawler hits you!
* * * LOW HITPOINT WARNING * * *
The entropy weaver casts a spell at you.
The entropic weave corrodes you!
The culicivora moves out of view.
The redback moves out of view.
Unknown command.
Unknown command.
Unknown command.
Unknown command.
Unknown command.
Unknown command.
Unknown command.
Unknown command.
Unknown command.
Unknown command.
Unknown command.
Unknown command.
Unknown command.
Unknown command.
Casting: Iskenderun's Mystic Blast (safe; 1% risk of failure)
Confirm with . or Enter, or press ? or * to list all spells.
You erupt in a blast of force!
The mystic blast hits the ghost moth!
The ghost moth is heavily wounded.
The ghost moth is knocked back by the mystic blast.
The mystic blast hits the demonic crawler!
The demonic crawler is heavily wounded.
The demonic crawler is knocked back by the mystic blast.
The demonic crawler slams into the rock wall.
The demonic crawler is heavily wounded.
* * * LOW HITPOINT WARNING * * *
You hear a faint skittering sound.
The broodmother summons spiders!
A redback comes into view.
The demonic crawler hits you!
* * * LOW HITPOINT WARNING * * *
The demonic crawler hits you.
You die... .ss

#s# ##.## # #
##sy.## ^#
#.##.ss..##s..
........ws... ##
#...†.# ... #^.
#.@s# ^...
#~###.###....
#..~#B#^~....
##..s......# .
###.....^....#
..
............##..
#.##......^.....
#...........##.
.............#


You could see a broodmother, a ghost moth (invisible), an entropy weaver (soul
bound), a torpor snail, a demonic crawler, an orb spider (charged), a culicivora
(summoned), a jumping spider (summoned), 2 tarantellas and 3 redbacks.

Vanquished Creatures
  Arachne (Spider:3)
  Mlioglotl (Spider:4)
  Kirke (D:14)
  Gastronok (D:8)
  Roxanne (Spider:3)
  2 emperor scorpions (Spider:4)
  Donald (Spider:3)
  7 ghost moths
  4 broodmothers (Spider:4)
  An eleionoma (Lair:2)
  Azrael (Orc:2)
  A minotaur (Gauntlet)
  5 spark wasps
  Snorg (Lair:5)
  Josephine (Lair:3)
  A fire dragon (Volcano)
  5 entropy weavers
  5 radroaches
  Erolcha (D:13)
  A great orb of eyes (Gauntlet)
  Harold (Lair:2)
  An ice dragon (IceCv)
  3 vault guards (D:14)
  5 boulder beetles
  3 jorogumos
  2 catoblepae
  8 hydras
  A centaur warrior (D:14)
  2 ogre magi (Orc:2)
  6 death yaks (Lair:5)
  4 two-headed ogres
  A death scarab (Spider:1)
  9 demonic crawlers
  4 thrashing horrors (Lair:5)
  An orc high priest (Orc:2)
  4 sun demons (Volcano)
  Nergalle (D:12)
  A soul eater (Gauntlet)
  Sonja (D:10)
  2 skysharks
  2 sixfirhies (Gauntlet)
  9 pharaoh ants
  4 orb spiders
  2 arcanists (D:14)
  3 skeletal warriors (D:14)
  2 steelbarb worms
  2 necromancers (D:14)
  2 deep elf pyromancers (D:13)
  An orc knight (Orc:1)
  3 obsidian bats (Orc:2)
  12 ugly things
  An oklob plant (Lair:1)
  9 orc sorcerers (Orc:2)
  16 wolf spiders
  2 moths of wrath
  4 manticores
  2 large abominations (Lair:5)
  4 cyclopes
  8 elephants (Lair:3)
  2 kobold blastminers (Orc:1)
  A rust devil (Gauntlet)
  3 black mambas
  6 cane toads
  6 smoke demons
  2 gargoyles
  4 torpor snails
  2 ice statues (IceCv)
  An efreet (D:14)
  10 komodo dragons
  2 freezing wraiths (D:14)
  The ghost of Snaaty the Geomancer, a novice FoEE (D:5)
  A kobold demonologist (D:10)
  A rime drake (shapeshifter) (Lair:5)
  An unseen horror (D:10)
  5 rime drakes
  Psyche (D:12)
  A tengu conjurer (D:14)
  5 polar bears
  33 jumping spiders
  4 trolls
  28 tarantellas
  2 hornets
  2 raiju (Lair:5)
  24 blink frogs
  3 slime creatures (D:14)
  27 culicivoras
  A spriggan (Lair:3)
  A shadow (D:11)
  6 wyverns
  2 ynoxinuls
  7 wraiths
  Eustachio (D:6)
  52 yaks
  3 fire elementals (Orc:2)
  A warg (Orc:2)
  2 hogs (D:14)
  19 humans (D:14)
  3 fire bats (Lair:3)
  7 vampire mosquitoes
  8 basilisks
  5 steam dragons
  55 redbacks
  3 chaos spawn (Lair:5)
  7 small abominations (Lair:5)
  5 hell hounds
  14 water moccasins
  18 orc warriors
  3 black bears
  An ice beast (D:6)
  A centaur (D:8)
  9 ogres
  The ghost of BlackSun the Sneak, an amateur DsBr (D:3)
  9 wolves (Lair:3)
  11 bullfrogs
  10 kobold brigands
  3 gnoll sergeants
  2 scorpions (D:5)
  18 wights
  15 killer bees
  6 electric eels
  6 howler monkeys
  6 crimson imps
  3 quasits (D:3)
  A bombardier beetle (D:6)
  5 jellies
  6 komodo dragon simulacra (IceCv)
  9 orc priests
  2 gnoll boudas
  4 hounds
  4 iron imps (Gauntlet)
  4 iguanas
  2 scrub nettles (Lair:2)
  Ijyb (D:3)
  33 orc wizards
  Natasha (thrice) (D:3)
  Robin (D:2)
  20 gnolls
  10 adders
  6 acid dragon simulacra (IceCv)
  6 shadow imps
  3 white imps
  4 ufetubi
  9 steam dragon simulacra (IceCv)
  A dart slug (D:3)
  A ribbon worm (D:2)
  38 orcs
  5 ball pythons
  10 endoplasms
  5 hobgoblins
  5 quokkas
  5 bats
  4 frilled lizards
  18 goblins
  25 kobolds
  3 rats
945 creatures vanquished.

Vanquished Creatures (others)
  A culicivora (Spider:2)
  A human (D:10)
  66 fulminant prisms
68 creatures vanquished.

Grand Total: 1013 creatures vanquished

Notes
Turn   | Place    | Note
-------+----------+-------------------------------------------
     0 | D:1      | shadizar the Djinni Conjurer began the quest for the Orb.
     0 | D:1      | shadizar set off with the following spells memorised: Magic
                  | Dart, Searing Ray, Fulminant Prism, Iskenderun's Mystic
                  | Blast.
     0 | D:1      | Reached XP level 1. HP: 15/15 MP: 0/0
   308 | D:1      | Reached XP level 2. HP: 20/21 MP: 0/0
   766 | D:2      | Reached XP level 3. HP: 18/25 MP: 0/0
   766 | D:2      | Learned a level 1 spell: Necrotise
   831 | D:2      | Reached XP level 4. HP: 26/31 MP: 0/0
  1026 | D:2      | Identified the +1 helmet "Ughik" {-Cast Str+8 Stlth+}
  1026 | D:2      | Noticed Robin
  1043 | D:2      | Killed Robin
  1109 | D:2      | Identified the +1 robe of Resourcefulness {Rampage rPois
                  | rC- Regen+}
  1406 | D:2      | Reached XP level 5. HP: 34/35 MP: 0/0
  1406 | D:2      | Learned a level 2 spell: Lesser Beckoning
  1444 | D:2      | Reached skill level 5 in Spellcasting
  1444 | D:2      | Reached skill level 5 in Conjurations
  1444 | D:2      | Reached skill level 5 in Hexes
  1444 | D:2      | Reached skill level 5 in Summonings
  1444 | D:2      | Reached skill level 5 in Necromancy
  1444 | D:2      | Reached skill level 5 in Translocations
  1444 | D:2      | Reached skill level 5 in Fire Magic
  1444 | D:2      | Reached skill level 5 in Ice Magic
  1444 | D:2      | Reached skill level 5 in Air Magic
  1444 | D:2      | Reached skill level 5 in Earth Magic
  1444 | D:2      | Reached skill level 5 in Alchemy
  1541 | D:3      | Noticed Ijyb
  1541 | D:3      | Found a faded altar of an unknown god.
  1642 | D:3      | Found a transporter.
  1657 | D:3      | Noticed BlackSun's ghost (amateur DsBr)
  1784 | D:3      | Killed Ijyb
  1810 | D:3      | Noticed Natasha
  1814 | D:3      | Found a transporter.
  2124 | D:3      | Found an opulent altar of Gozag.
  2220 | D:3      | Killed Natasha
  2221 | D:3      | Reached XP level 6. HP: 33/40 MP: 0/0
  2312 | D:3      | Noticed Natasha
  2316 | D:3      | Killed Natasha
  2329 | D:3      | Noticed Natasha
  2335 | D:3      | Killed Natasha
  2742 | D:4      | Found a shadowy altar of Dithmenos.
  3098 | D:4      | Reached XP level 7. HP: 42/45 MP: 0/0
  3098 | D:4      | Learned a level 3 spell: Mephitic Cloud
  3668 | D:5      | Entered Level 5 of the Dungeon
  3700 | D:5      | Found a shimmering altar of Xom.
  3715 | D:5      | Reached skill level 1 in Fighting
  3715 | D:5      | Reached skill level 1 in Armour
  4106 | D:5      | Found Kograff's Weapon Shoppe.
  4304 | D:5      | Found a runed translucent door.
  4310 | D:5      | Noticed Snaaty's ghost (novice FoEE)
  4330 | D:5      | Reached XP level 8. HP: 19/54 MP: 0/0
  4914 | D:5      | Killed Snaaty's ghost
  5103 | D:3      | Killed BlackSun's ghost
  5399 | D:6      | Noticed Eustachio
  5404 | D:6      | Reached XP level 9. HP: 57/62 MP: 0/0
  5404 | D:6      | Learned a level 3 spell: Stone Arrow
  5404 | D:6      | Killed Eustachio
  5405 | D:6      | Reached skill level 5 in Dodging
  5748 | D:6      | Found a staircase to the Ecumenical Temple.
  5762 | Temple   | Entered the Ecumenical Temple
  5796 | Temple   | Became a worshipper of Makhleb the Destroyer
  5975 | D:6      | Identified the +0 quarterstaff "Ycosorph" {flame, rF+
                  | Dex+2}
  7234 | D:7      | Found a sparkling altar of Nemelex Xobeh.
  7242 | D:7      | Found a faded altar of an unknown god.
  7244 | D:7      | Found an iron altar of Okawaru.
  7246 | D:7      | Found a broken altar of Ashenzari.
  7544 | D:8      | Noticed Gastronok
  7565 | D:8      | Killed Gastronok
  7566 | D:8      | Reached skill level 5 in Fighting
  7566 | D:8      | Reached skill level 5 in Armour
  7566 | D:8      | Reached XP level 10. HP: 19/71 MP: 0/0
  7863 | D:8      | Reached * piety under Makhleb
  8199 | D:8      | Found a staircase to the Lair.
  8221 | D:8      | Found a hide-covered altar of Uskayaw.
  8222 | D:8      | Noticed a +0 dagger
  8222 | D:8      | Noticed a +0 dagger
  8603 | D:9      | Identified a scroll of acquirement
  8603 | D:9      | Acquired a manual of Spellcasting
  9069 | D:9      | Reached XP level 11. HP: 34/78 MP: 0/0
  9069 | D:9      | Learned a level 5 spell: Fireball
  9354 | D:9      | Noticed a two-headed ogre
  9364 | D:9      | Killed a two-headed ogre
  9365 | D:9      | Reached skill level 10 in Spellcasting
  9365 | D:9      | Reached skill level 10 in Fire Magic
  9486 | D:9      | Found a glowing golden altar of the Shining One.
  9486 | D:9      | Found a glowing silver altar of Zin.
  9486 | D:9      | Found a white marble altar of Elyvilon.
  9863 | Lair:1   | Entered Level 1 of the Lair of Beasts
 10384 | Lair:1   | Noticed a five-headed hydra
 10389 | Lair:1   | Noticed an eight-headed hydra
 10390 | Lair:1   | Killed a five-headed hydra
 10398 | Lair:1   | Killed an eight-headed hydra
 10399 | Lair:1   | Reached skill level 10 in Conjurations
 10399 | Lair:1   | Reached skill level 10 in Hexes
 10399 | Lair:1   | Reached skill level 10 in Summonings
 10399 | Lair:1   | Reached skill level 10 in Necromancy
 10399 | Lair:1   | Reached skill level 10 in Translocations
 10399 | Lair:1   | Reached skill level 10 in Ice Magic
 10399 | Lair:1   | Reached skill level 10 in Air Magic
 10399 | Lair:1   | Reached skill level 10 in Earth Magic
 10399 | Lair:1   | Reached skill level 10 in Alchemy
 10518 | Lair:1   | Found the +1 robe of Vines {NoPotionHeal Regen++++}
 10519 | Lair:1   | Noticed an oklob plant
 10534 | Lair:1   | Killed an oklob plant
 10568 | Lair:1   | Reached ** piety under Makhleb
 10573 | Lair:1   | Reached XP level 12. HP: 69/86 MP: 0/0
 11245 | Lair:2   | Noticed a skyshark
 11258 | Lair:2   | Killed a skyshark
 11545 | Lair:2   | Noticed an eleionoma
 11555 | Lair:2   | Killed an eleionoma
 11556 | Lair:2   | Reached skill level 10 in Dodging
 11571 | Lair:2   | Found a staircase to the Swamp.
 11763 | Lair:2   | Found a hole to the Spider Nest.
 11895 | Lair:2   | Noticed Harold
 11919 | Lair:2   | Killed Harold
 11920 | Lair:2   | Reached XP level 13. HP: 94/94 MP: 0/0
 11920 | Lair:2   | Learned a level 5 spell: Silence
 12044 | Lair:3   | Reached *** piety under Makhleb
 12205 | Lair:3   | Noticed Josephine
 12218 | Lair:3   | Killed Josephine
 12222 | Lair:3   | Found a dark tunnel.
 12231 | Volcano  | Entered a volcano
 12322 | Volcano  | Noticed a fire dragon
 12333 | Volcano  | Killed a fire dragon
 12551 | Lair:3   | Reached skill level 10 in Fighting
 12551 | Lair:3   | Reached skill level 10 in Armour
 12569 | Lair:3   | Noticed a four-headed hydra
 12581 | Lair:3   | Killed a four-headed hydra
 12583 | Lair:3   | Reached **** piety under Makhleb
 12800 | Lair:3   | Noticed a four-headed hydra
 12810 | Lair:3   | Killed a four-headed hydra
 13005 | Lair:3   | Noticed a catoblepas
 13012 | Lair:3   | Reached XP level 14. HP: 103/103 MP: 0/0
 13014 | Lair:3   | Reached skill level 15 in Fire Magic
 13326 | Lair:4   | Reached skill level 15 in Spellcasting
 14176 | Lair:5   | Entered Level 5 of the Lair of Beasts
 14329 | Lair:5   | Reached ***** piety under Makhleb
 14350 | Lair:5   | Found a staircase to the Slime Pits.
 14367 | Lair:5   | Noticed Snorg
 14372 | Lair:5   | Killed Snorg
 14667 | Lair:5   | Reached XP level 15. HP: 107/111 MP: 0/0
 14667 | Lair:5   | Learned a level 6 spell: Death Channel
 14763 | Lair:5   | Found a one-way gate to the infinite horrors of the Abyss.
 14806 | Lair:5   | Found a corrupted altar of Lugonu.
 15457 | D:10     | Entered Level 10 of the Dungeon
 15457 | D:10     | Found a flagged portal.
 15572 | Bailey   | Entered a bailey
 15590 | Bailey   | Reached ****** piety under Makhleb
 15633 | Bailey   | Found a bloodstained altar of Trog.
 16326 | D:10     | Reached skill level 5 in Stealth
 16395 | D:10     | Noticed Sonja
 16396 | D:10     | Killed Sonja
 16444 | D:10     | Identified the +2 leather armour "Meusch" {rF- Will++
                  | Dex+4}
 16670 | D:10     | Identified the +0 halberd of the Baking Gods {venom, rPois}
 16828 | D:11     | Found a staircase to the Orcish Mines.
 17305 | D:11     | Found a runed translucent door.
 17323 | D:11     | Found Qoklymott's General Store.
 17356 | D:11     | Noticed Ogru Agg's ghost (journeyman MiHu)
 17466 | Orc:1    | Entered Level 1 of the Orcish Mines
 17515 | Orc:2    | Entered Level 2 of the Orcish Mines
 17584 | Orc:2    | Found a staircase to the Elven Halls.
 17661 | Orc:2    | Noticed Azrael
 17673 | Orc:2    | Killed Azrael
 17774 | Orc:1    | Found a frozen archway.
 17780 | IceCv    | Entered an ice cave
 18431 | Orc:2    | Found Bijeotona's Gadget Gallery.
 18541 | Orc:2    | Found Yruetif's Jewellery Emporium.
 18553 | Orc:2    | Bought the macabre finger necklace {Finger+ rN+} for 680
                  | gold pieces
 18553 | Orc:2    | Found the macabre finger necklace {Finger+ rN+}
 18585 | Orc:2    | Reached skill level 1 in Shields
 18615 | Orc:2    | Reached XP level 16. HP: 116/119 MP: 0/0
 18652 | Orc:2    | Found Umes's Antique Armour Shoppe.
 18662 | Orc:2    | Bought a runed scarf for 168 gold pieces
 18705 | Orc:2    | Found a roughly hewn altar of Beogh.
 18705 | Orc:2    | Found Vooq's Distillery.
 18723 | Orc:2    | Bought a potion of heal wounds for 65 gold pieces
 18723 | Orc:2    | Bought a potion of heal wounds for 65 gold pieces
 18729 | Orc:2    | Found Bist's Antique Armour Shoppe.
 19087 | D:12     | Found a faded altar of an unknown god.
 19093 | D:12     | Reached skill level 5 in Shields
 19097 | D:12     | Noticed Psyche
 19101 | D:12     | Killed Psyche
 19228 | D:12     | Noticed Nergalle
 19233 | D:12     | Killed Nergalle
 19417 | D:13     | Found Xanerr's Assorted Antiques.
 19422 | D:13     | Bought a smoking cloak for 285 gold pieces
 19422 | D:13     | Identified the +3 cloak "Roriesan" {rCorr Str+2 Dex-4} (You
                  | bought it in a shop on level 13 of the Dungeon)
 19426 | D:13     | Bought a runed helmet for 225 gold pieces
 19692 | D:13     | Noticed Erolcha
 19698 | D:13     | Killed Erolcha
 19705 | D:13     | Found a gate leading to a gauntlet.
 19707 | D:13     | Found the +2 hood of the Assassin {Detect Stab+ Stlth++}
 19725 | Gauntlet | Entered a Gauntlet
 19725 | Gauntlet | Found a transporter.
 19733 | Gauntlet | Found a transporter.
 19734 | Gauntlet | Found a transporter.
 19740 | Gauntlet | Found a transporter.
 19748 | Gauntlet | Found a transporter.
 19752 | Gauntlet | Found a transporter.
 19760 | Gauntlet | Found a transporter.
 19764 | Gauntlet | Found a transporter.
 19772 | Gauntlet | Found a transporter.
 19844 | Gauntlet | Found a transporter.
 19942 | Gauntlet | Found a transporter.
 19966 | Gauntlet | Found a transporter.
 19971 | Gauntlet | Found a transporter.
 19973 | Gauntlet | Identified the amulet of the Commoners {Spirit ^Fragile
                  | rCorr Int+5 Stlth-}
 19986 | Gauntlet | Found a runed translucent door.
 19986 | Gauntlet | Found a runed translucent door.
 19990 | Gauntlet | Found a transporter.
 20009 | Gauntlet | Identified the scarf of Midnight {rC+ rF+, +Blink Stlth+}
 20042 | Gauntlet | Found the +3 robe of Clouds {*Thunder rCloud rElec}
 20616 | D:14     | Identified the +1 quarterstaff "Newtslayer" {flame, rElec
                  | rC+ Will+}
 20719 | D:14     | Found a hazy altar of Hepliaklqana.
 20784 | D:14     | Identified the +4 quarterstaff "Louth" {flame, Fly rF+
                  | SInv}
 21094 | D:14     | Reached skill level 10 in Shields
 21107 | D:14     | Noticed Kirke
 21109 | D:14     | Identified the +1 mace of Fate {protect, Dex+3}
 21118 | D:14     | Noticed a sphinx
 21191 | D:14     | Killed Kirke
 21260 | D:14     | Found a gate to the Vaults.
 21523 | Spider:1 | Entered Level 1 of the Spider Nest
 21549 | Spider:1 | Reached XP level 17. HP: 124/125 MP: 0/0
 21549 | Spider:1 | Learned a level 7 spell: Manifold Assault
 22478 | Spider:2 | Reached skill level 15 in Conjurations
 22478 | Spider:2 | Reached skill level 15 in Hexes
 22478 | Spider:2 | Reached skill level 15 in Summonings
 22478 | Spider:2 | Reached skill level 15 in Necromancy
 22478 | Spider:2 | Reached skill level 15 in Translocations
 22478 | Spider:2 | Reached skill level 15 in Ice Magic
 22478 | Spider:2 | Reached skill level 15 in Air Magic
 22478 | Spider:2 | Reached skill level 15 in Earth Magic
 22478 | Spider:2 | Reached skill level 15 in Alchemy
 22709 | Spider:2 | Identified the +8 spear of the Desert {speed, rN+ Str-4
                  | Dex+2 SInv}
 22790 | Spider:3 | Reached XP level 18. HP: 132/132 MP: 0/0
 22799 | Spider:3 | Noticed Arachne
 22819 | Spider:3 | Killed Arachne
 22969 | Spider:3 | Noticed Roxanne
 23005 | Spider:3 | Killed Roxanne
 23458 | Spider:3 | Noticed Donald
 23462 | Spider:3 | Killed Donald
 23536 | Spider:4 | Entered Level 4 of the Spider Nest
 23549 | Spider:4 | Reached skill level 15 in Dodging
 23555 | Spider:4 | Noticed Mlioglotl
 23564 | Spider:4 | Killed Mlioglotl
 23625 | Spider:4 | HP: 4/135 [demonic crawler (10)]
 23625 | Spider:4 | Slain by a demonic crawler

Illustrated notes

Levels and vault maps discovered:
D:1:      giann_horns, layout_basic
D:2:      layout_loops_cross, grunt_decor_arrowhead, nicolae_grassy_gnolls,
          uniq_robin
D:3:      layout_basic, lemuel_doored_altar, mainiacjoe_overflow_boulevard,
          gammafunk_ghost_stat_death, serial_glass, glass_columns_b,
          glass_columns_c, nicolae_ecumenical_oubliette,
          kennysheep_generic_room_15, uniq_natasha, uniq_ijyb
D:4:      layout_basic, nicolae_dithmenos_shadow_blocks
D:5:      layout_gridville, dk_xom_monty_hall, ebering_ghost_inner_flame,
          serial_shops, nicolae_shop_advertising_works
          [nicolae_subvault_shop_adworks]
D:6:      layout_basic, minmay_temple_entry_stoned_glass, serial_glass,
          glass_columns_a, glass_columns_b, glass_columns_a, glass_columns_a,
          uniq_eustachio
D:7:      layout_cave_pools, chequers_temple_overflow_minitemple,
          dreamdust_gnoll_farm
D:8:      layout_basic, dancing_weapons_uskayaw, lair_entry_dummy,
          uniq_gastronok
D:9:      layout_roguey, dreamdust_divine_triumvirate, st_stairs_11
D:10:     wad_woods_structure_01, layout_irregular_city, tgw_kikubaaqudgha,
          enter_bailey_8, skrybe_limestone_x, library_closet,
          grunt_ministairs_15, hangedman_decor_push, minmay_fire_ice_demons,
          uniq_sonja
D:11:     layout_irregular_city, orc_0_dummy, ebering_ghost_reflecting_pool,
          serial_shops, shop
D:12:     layout_cave_pools, serial_column_ruins, column_ruins_temple_hall,
          column_ruins_hut, column_ruins_columns_T, column_ruins_open_tiny,
          column_ruins_corridor_dead_end, column_ruins_open_tiny, uniq_nergalle,
          uniq_psyche
D:13:     layout_irregular_city, serial_column_ruins, column_ruins_circle_small,
          column_ruins_grid_5, column_ruins_grid_1,
          column_ruins_columns_straight, column_ruins_grid_4,
          column_ruins_open_tiny, column_ruins_open_tiny, column_ruins_grid_1,
          column_ruins_corridor_T, gauntlet_entry_generic, serial_shops,
          nicolae_shop_rolling_square, minmay_curled_crystal, uniq_erolcha
D:14:     layout_loops_ring, grunt_vaults_entry_tiered, reono_crystal_passage,
          st_stairs_1, worldfamousw_hep_ancestral_shrine, uniq_kirke
Temple:   kb_temple_of_zot
Lair:1:   layout_cave_pods, basic_altar, hellmonk_guarded_unrand_vines,
          grunt_megastairs_5, lemuel_fruit_tree
Lair:2:   layout_chaotic_city, alex1729_swamp_entry_worm_eleionoma,
          spider_nest_entry_rubble, evilmike_ambush
          [evilmike_ambush_outer_basic, evilmike_ambush_inner_basic],
          uniq_harold
Lair:3:   layout_small_grid, nicolae_volcano_entry_batcave,
          grunt_forest_stairs_clearing, uniq_josephine
Lair:4:   layout_regular_city, cheibrodos_lair_lostbears
Lair:5:   hellmonk_lair_end_abyssal_woods, layout_cave_pods,
          nicolae_slime_entry_slimehenge, nicolae_quartered_pool_super,
          uniq_snorg
Spider:1: layout_spider_delve
Spider:2: layout_spider_delve, drop_trap
Spider:3: layout_spider_delve, drop_trap, uniq_arachne, uniq_donald,
          uniq_roxanne
Spider:4: hellmonk_spider_rune_endless_swarm, einodemon_crawler_minivault,
          uniq_mlioglotl
Orc:1:    layout_diamond_mine, portal_ice_cave_entry_pillars_1,
          nicolae_orc_jurassic_orc, uniq_fannar
Orc:2:    kennysheep_orc_mage_school, layout_diamond_mine,
          nicolae_orc_found_a_spring, nicolae_shop_gadgets, uniq_azrael

Skill      XL: |  1  2  3  4  5  6  7  8  9 10 11 12 13 14 15 16 17 18 |
---------------+-------------------------------------------------------+-----
Spellcasting   | 4 5 6 7 8 9 11 13 14 16 17 19 20 | 20.1
Conjurations   | 4 5 6 7 8 9 10 11 12 13 14 15 | 15.8
Hexes          | 4 5 6 7 8 9 10 11 12 13 14 15 | 15.8
Summonings     | 4 5 6 7 8 9 10 11 12 13 14 15 | 15.8
Necromancy     | 4 5 6 7 8 9 10 11 12 13 14 15 | 15.8
Translocations | 4 5 6 7 8 9 10 11 12 13 14 15 | 15.8
Fire Magic     | 4 5 6 7 8 9 11 13 14 16 17 19 20 | 20.2
Ice Magic      | 4 5 6 7 8 9 10 11 12 13 14 15 | 15.8
Air Magic      | 4 5 6 7 8 9 10 11 12 13 14 15 | 15.8
Earth Magic    | 4 5 6 7 8 9 10 11 12 13 14 15 | 15.8
Alchemy        | 4 5 6 7 8 9 10 11 12 13 14 15 | 15.8
Fighting       | 2 3 5 6 7 9 10 11 12 13 14 | 14.0
Armour         | 2 3 5 6 7 9 10 | 10.2
Dodging        | 3 4 6 7 9 10 11 12 13 14 15 | 15.4
Stealth        | 4 6 |  6.1
Shields        | 1 11 12 | 12.9

Action                     |  1- 3 |  4- 6 |  7- 9 | 10-12 | 13-15 | 16-18 || total
---------------------------+-------+-------+-------+-------+-------+-------++-------
  Melee: Quarterstaff      |       |       |       |       |    62 |       ||    62
         Staff             |       |       |       |       |       |     4 ||     4
   Cast: Magic Dart        |    29 |    92 |   142 |   209 |   125 |    18 ||   615
         Searing Ray       |     2 |     6 |       |       |       |       ||     8
         Iskenderun's Myst |       |     5 |    65 |   135 |   179 |   215 ||   599
         Fulminant Prism   |       |     7 |     6 |    32 |    21 |       ||    66
         Fireball          |       |       |       |       |   292 |   360 ||   652
         Mephitic Cloud    |       |       |       |       |     1 |       ||     1
         Stone Arrow       |       |       |       |       |       |     5 ||     5
    Use: Scroll            |       |       |    16 |     4 |     9 |     2 ||    31
         Potion            |       |       |     1 |       |       |       ||     1
 Armour: Robe              |     2 |    14 |     1 |    14 |    51 |    61 ||   143
         Skin              |       |     1 |       |       |       |       ||     1
         Leather armour    |       |       |    35 |     7 |       |       ||    42
  Dodge: Dodged            |     3 |    12 |    28 |    22 |    92 |    50 ||   207
         Repelled          |       |     2 |     6 |     2 |    13 |       ||    23
  Block: Kite shield       |       |       |       |       |       |    38 ||    38

Table legend: (Time is in decaauts)
 A = Elapsed time spent in this place.
 B = Non-inter-level travel time spent in this place.
 C = Inter-level travel time spent in this place.
 D = Time resting spent in this place.
 E = Time spent auto-exploring this place.
 F = Levels seen in this place.
 G = Mean time per level.
                   A        B        C        D        E       F      G
               +--------+--------+--------+--------+--------+-----+--------+
         Total |  23663 |  22432 |   1231 |      0 |  16927 |  30 |  788.8 |
       Dungeon |  13925 |  13201 |    724 |      0 |  10686 |  14 |  994.6 |
        Temple |     63 |     11 |     52 |      0 |      6 |   1 |   63.0 |
          Lair |   5365 |   5049 |    316 |      0 |   3874 |   5 | 1073.0 |
   Spider Nest |   2114 |   2008 |    106 |      0 |   1455 |   4 |  528.5 |
  Orcish Mines |   1206 |   1174 |     32 |      0 |    628 |   2 |  603.0 |
        Bailey |    156 |    156 |      0 |      0 |     65 |   1 |  156.0 |
      Ice Cave |    252 |    252 |      0 |      0 |    111 |   1 |  252.0 |
       Volcano |    241 |    241 |      0 |      0 |     91 |   1 |  241.0 |
      Gauntlet |    336 |    336 |      0 |      0 |     11 |   1 |  336.0 |
               +--------+--------+--------+--------+--------+-----+--------+

Top non-repeatable levels by time:
  Lair:1: 1433 daAuts
     D:5: 1329 daAuts
     D:9: 1321 daAuts
     D:4: 1244 daAuts
    D:10: 1237 daAuts
     D:6: 1195 daAuts
     D:3: 1149 daAuts
  Lair:5: 1135 daAuts
     D:8: 1107 daAuts
  Lair:3: 1059 daAuts
     D:7: 937 daAuts
     D:2: 917 daAuts
  Lair:4: 894 daAuts
   Orc:2: 890 daAuts
    D:14: 854 daAuts
